3A
LOUISIANA DRAGOONS @ MT. VERNON BULLS
08/08/2021
 
TOP OF THE 1ST
Louisiana Dragoons batting - Pitching for Mt. Vernon Bulls : RHP Dan Hobbs
Pitching: RHP Dan Hobbs
Batting: LHB Gustavo Vázquez 0-0: Ball
1-0: Foul Ball, location: 2F
1-1: Swinging Strike
1-2: Ball
2-2: Ground out 6-3 (Groundball, 6)
Batting: RHB Marlon Cummins 0-0: Ball
1-0: SINGLE (Groundball, 25) (infield hit)
Batting: LHB Dinis Marcha 0-0: Ball
1-0: Foul Ball, location: 2F
1-1: Fly out, F9 (Flyball, 89M)
Batting: LHB Manny Hernández 0-0: Swinging Strike
0-1: Ball
1-1: Ball
2-1: Ball
3-1: Ground out 4-3 (Groundball, 34)
Top of the 1st over - 0 run(s), 1 hit(s), 0 error(s), 1 left on base; Louisiana 0 - Mt. Vernon 0
BOTTOM OF THE 1ST
Mt. Vernon Bulls batting - Pitching for Louisiana Dragoons : RHP Nicholas Beyer
Pitching: RHP Nicholas Beyer
Batting: RHB Joseph Gray 0-0: Ball
1-0: Ball
2-0: Bunt for hit - play at first, batter OUT! 2-3
Batting: RHB Albert Delgado 0-0: Ball
1-0: Ball
2-0: Fly out, F9 (Line Drive, 9S)
Batting: LHB Yun Yen 0-0: Ball
1-0: Foul Ball, location: 2F
1-1: SINGLE (Groundball, 34)
Batting: RHB Franklin Gestel 0-0: Called Strike
0-1: Ball
1-1: Called Strike
1-2: Ball
2-2: Foul Ball, location: 2F
2-2: Strikes out looking
Bottom of the 1st over - 0 run(s), 1 hit(s), 0 error(s), 1 left on base; Louisiana 0 - Mt. Vernon 0
TOP OF THE 2ND
Louisiana Dragoons batting - Pitching for Mt. Vernon Bulls : RHP Dan Hobbs
Batting: RHB Pedro Jiménez 0-0: Ball
1-0: Ground out 6-3 (Groundball, 6)
Batting: SHB Manuel González 0-0: Foul Ball, location: 2F
0-1: Called Strike
0-2: Ball
1-2: Ball
2-2: Ball
3-2: Foul Ball, location: 2F
3-2: Ground out 4-3 (Groundball, 4)
Batting: SHB Juan Barbán 0-0: Called Strike
0-1: SINGLE (Flyball, 78S)
Batting: SHB Francisco Valentín 0-0: Fly out, F9 (Flyball, 89M)
Top of the 2nd over - 0 run(s), 1 hit(s), 0 error(s), 1 left on base; Louisiana 0 - Mt. Vernon 0
BOTTOM OF THE 2ND
Mt. Vernon Bulls batting - Pitching for Louisiana Dragoons : RHP Nicholas Beyer
Batting: LHB Enrique Sánchez 0-0: Ball
1-0: Foul Ball, location: 2F
1-1: Fly out, F8 (Flyball, 8LM)
Batting: LHB Álex Ramírez 0-0: Called Strike
0-1: Called Strike
0-2: Foul Ball, location: 2F
0-2: Ball
1-2: Ball
2-2: Foul Ball, location: 2F
2-2: Foul Ball, location: 2F
2-2: DOUBLE (Line Drive, 7LM)
Batting: RHB Orlando Padilla 0-0: Ball
1-0: Ball
2-0: Ground out 5-3 (Groundball, 5)
Batting: LHB Miguel García 0-0: Swinging Strike
0-1: Called Strike
0-2: Ball
1-2: Ball
2-2: Ball
3-2: Foul Ball, location: 2F
3-2: Strikes out looking
Bottom of the 2nd over - 0 run(s), 1 hit(s), 0 error(s), 1 left on base; Louisiana 0 - Mt. Vernon 0
TOP OF THE 3RD
Louisiana Dragoons batting - Pitching for Mt. Vernon Bulls : RHP Dan Hobbs
Batting: RHB Wessel Wemerman 0-0: Swinging Strike
0-1: Called Strike
0-2: Strikes out swinging
Batting: LHB Gustavo Vázquez 0-0: Ball
1-0: SINGLE (Groundball, 34D)
Batting: RHB Marlon Cummins 0-0: Foul Ball, location: 2F
0-1: Swinging Strike
0-2: Foul Ball, location: 2F
0-2: Ball
1-2: Foul Ball, location: 2F
1-2: Strikes out swinging
Batting: LHB Dinis Marcha 0-0: Ball
1-0: Ball
Gustavo Vázquez steals 2nd base
2-0: Foul Ball, location: 2F
2-1: DOUBLE (Flyball, 78D)
Gustavo Vázquez scores
Batting: LHB Manny Hernández 0-0: Ball
1-0: Swinging Strike
1-1: Called Strike
1-2: Ball
2-2: Strikes out swinging
Top of the 3rd over - 1 run(s), 2 hit(s), 0 error(s), 1 left on base; Louisiana 1 - Mt. Vernon 0
BOTTOM OF THE 3RD
Mt. Vernon Bulls batting - Pitching for Louisiana Dragoons : RHP Nicholas Beyer
Batting: RHB Martín Álvarez 0-0: Ball
1-0: Foul Ball, location: 2F
1-1: Ground out 3-1 (Groundball, 34S)
Batting: RHB Joseph Gray 0-0: Called Strike
0-1: Ball
1-1: Swinging Strike
1-2: Fly out, F7 (Flyball, 7M)
Batting: RHB Albert Delgado 0-0: Ball
1-0: Foul Ball, location: 2F
1-1: Ground out 6-3 (Groundball, 6)
Bottom of the 3rd over - 0 run(s), 0 hit(s), 0 error(s), 0 left on base; Louisiana 1 - Mt. Vernon 0
TOP OF THE 4TH
Louisiana Dragoons batting - Pitching for Mt. Vernon Bulls : RHP Dan Hobbs
Batting: RHB Pedro Jiménez 0-0: Called Strike
0-1: Ball
1-1: Ball
2-1: Ball
3-1: Swinging Strike
3-2: Strikes out swinging
Batting: SHB Manuel González 0-0: SINGLE (Line Drive, 4)
Batting: SHB Juan Barbán 0-0: Ball
1-0: Grounds into double play, 4-6-3 (Groundball, 4)
Top of the 4th over - 0 run(s), 1 hit(s), 0 error(s), 0 left on base; Louisiana 1 - Mt. Vernon 0
BOTTOM OF THE 4TH
Mt. Vernon Bulls batting - Pitching for Louisiana Dragoons : RHP Nicholas Beyer
Batting: LHB Yun Yen 0-0: Ground out 6-3 (Groundball, 6M)
Batting: RHB Franklin Gestel 0-0: Ball
1-0: Swinging Strike
1-1: Called Strike
1-2: Ball
2-2: Ground out 5-3 (Groundball, 56)
Batting: LHB Enrique Sánchez 0-0: Ball
1-0: Swinging Strike
1-1: Swinging Strike
1-2: Strikes out swinging
Bottom of the 4th over - 0 run(s), 0 hit(s), 0 error(s), 0 left on base; Louisiana 1 - Mt. Vernon 0
TOP OF THE 5TH
Louisiana Dragoons batting - Pitching for Mt. Vernon Bulls : RHP Dan Hobbs
Batting: SHB Francisco Valentín 0-0: Swinging Strike
0-1: Ball
1-1: Swinging Strike
1-2: Foul Ball, location: 2F
1-2: Strikes out swinging
Batting: RHB Wessel Wemerman 0-0: Fly out, F6 (Line Drive, 6)
Batting: LHB Gustavo Vázquez 0-0: Ball
1-0: Fly out, F8 (Flyball, 8RM)
Top of the 5th over - 0 run(s), 0 hit(s), 0 error(s), 0 left on base; Louisiana 1 - Mt. Vernon 0
BOTTOM OF THE 5TH
Mt. Vernon Bulls batting - Pitching for Louisiana Dragoons : RHP Nicholas Beyer
Batting: LHB Álex Ramírez 0-0: Ball
1-0: Swinging Strike
1-1: Ball
2-1: Ground out 5-3 (Groundball, 5S)
Batting: RHB Orlando Padilla 0-0: Ball
1-0: Ball
2-0: DOUBLE (Flyball, 89D)
Batting: LHB Miguel García 0-0: Called Strike
0-1: Foul Ball, location: 2F
0-2: Foul Ball, location: 2F
0-2: Ball
1-2: SINGLE (Groundball, 4MD)
Orlando Padilla to third
Runner from 3rd tries for Home, throw and OUT!
Miguel García to second
Batting: RHB Martín Álvarez 0-0: Ball
1-0: Ball
2-0: Called Strike
2-1: Foul Ball, location: 2F
2-2: Ball
3-2: Ground out 6-3 (Groundball, 56)
Bottom of the 5th over - 0 run(s), 2 hit(s), 0 error(s), 1 left on base; Louisiana 1 - Mt. Vernon 0
TOP OF THE 6TH
Louisiana Dragoons batting - Pitching for Mt. Vernon Bulls : RHP Dan Hobbs
Batting: RHB Marlon Cummins 0-0: Called Strike
0-1: Ball
1-1: Ball
2-1: Ball
3-1: Foul Ball, location: 2F
3-2: Strikes out swinging
Batting: LHB Dinis Marcha 0-0: Ball
1-0: Called Strike
1-1: Ground out U3 (Groundball, 3)
Batting: LHB Manny Hernández 0-0: Called Strike
0-1: SINGLE (Flyball, 8RS)
Pitching: RHP Arnout Els
Batting: RHB Pedro Jiménez 0-0: Ball
1-0: Ball
2-0: Ball
3-0: Called Strike
3-1: Foul Ball, location: 2F
3-2: SINGLE (Line Drive, 9S)
Manny Hernández to second
Manny Hernández to third
Batting: SHB Manuel González 0-0: Called Strike
0-1: Fly out, F8 (Flyball, 8RM)
Top of the 6th over - 0 run(s), 2 hit(s), 0 error(s), 2 left on base; Louisiana 1 - Mt. Vernon 0
BOTTOM OF THE 6TH
Mt. Vernon Bulls batting - Pitching for Louisiana Dragoons : RHP Nicholas Beyer
Batting: RHB Joseph Gray 0-0: Called Strike
0-1: Ball
1-1: Ball
2-1: Swinging Strike
2-2: Foul Ball, location: 2F
2-2: Ball
3-2: Base on Balls
Pinch Runner at 1st Habbo Allaart:
Batting: RHB Albert Delgado 0-0: Bunted foul
0-1: Ball
1-1: Sac Bunt - play at first, batter OUT! 3-4
Habbo Allaart to second
Batting: LHB Yun Yen 0-0: Called Strike
0-1: Ball
1-1: Ball
2-1: Ball
3-1: SINGLE (Groundball, 56)
Habbo Allaart to third
Runner from 3rd tries for Home, SAFE, no throw or cutoff
Batting: RHB Franklin Gestel 0-0: Called Strike
0-1: Foul Ball, location: 2F
0-2: Ball
1-2: Ball
2-2: Foul Ball, location: 2F
2-2: Foul Ball, location: 2F
2-2: Foul Ball, location: 2F
2-2: Strikes out looking
Pitching: RHP Javier Hernández
Batting: LHB Enrique Sánchez 0-0: Foul Ball, location: 2F
0-1: Swinging Strike
0-2: Ball
1-2: Strikes out swinging
Bottom of the 6th over - 1 run(s), 1 hit(s), 0 error(s), 1 left on base; Louisiana 1 - Mt. Vernon 1
TOP OF THE 7TH
Louisiana Dragoons batting - Pitching for Mt. Vernon Bulls : RHP Arnout Els
Now in LF: Habbo Allaart
Batting: SHB Juan Barbán 0-0: SINGLE (Line Drive, 8LS)
Pinch Hitting: LHB Javier Antonio 0-0: Bunted foul
0-1: Sac Bunt - play at second, runner OUT! 5-6
Pinch Hitting: LHB Willie Brown 0-0: SINGLE (Line Drive, 9LS)
Javier Antonio to second
Runner from 2nd tries for 3rd, SAFE, throw made to third
Batting: LHB Gustavo Vázquez 0-0: Ball
1-0: Swinging Strike
1-1: Foul Ball, location: 2F
1-2: Strikes out looking
Batting: RHB Marlon Cummins 0-0: Called Strike
0-1: Swinging Strike
0-2: Strikes out swinging
Top of the 7th over - 0 run(s), 2 hit(s), 0 error(s), 2 left on base; Louisiana 1 - Mt. Vernon 1
BOTTOM OF THE 7TH
Mt. Vernon Bulls batting - Pitching for Louisiana Dragoons : RHP Javier Hernández
Now in LF: Willie Brown
Now in RF: Sancho Rodríguez
Batting: LHB Álex Ramírez 0-0: Called Strike
0-1: Ball
1-1: Reached on error, E6 (Groundball, 6)
Batting: RHB Orlando Padilla 0-0: Sac Bunt - play at second, runner OUT -> throw to first, DP!
Batting: LHB Miguel García 0-0: Ball
1-0: Foul Ball, location: 2F
1-1: Ball
2-1: Ground out U3 (Groundball, 3L)
Bottom of the 7th over - 0 run(s), 0 hit(s), 1 error(s), 0 left on base; Louisiana 1 - Mt. Vernon 1
TOP OF THE 8TH
Louisiana Dragoons batting - Pitching for Mt. Vernon Bulls : RHP Arnout Els
Batting: LHB Dinis Marcha 0-0: Ball
1-0: Ball
2-0: Ball
3-0: Called Strike
3-1: Base on Balls
Batting: LHB Manny Hernández 0-0: Called Strike
0-1: Fly out, F7 (Flyball, 7D)
Batting: RHB Pedro Jiménez 0-0: Called Strike
0-1: Foul Ball, location: 2F
0-2: Ball
1-2: Grounds into double play, 6-4-3 (Groundball, 6)
Top of the 8th over - 0 run(s), 0 hit(s), 0 error(s), 0 left on base; Louisiana 1 - Mt. Vernon 1
BOTTOM OF THE 8TH
Mt. Vernon Bulls batting - Pitching for Louisiana Dragoons : RHP Javier Hernández
Pinch Hitting: SHB Xavier Vásquez 0-0: Called Strike
0-1: Ball
1-1: Fly out, F7 (Flyball, 7D)
Pinch Hitting: RHB Alfredo Rivera 0-0: Ground out 5-3 (Groundball, 5L)
Pinch Hitting: LHB Raúl Trevino 0-0: Fly out, F8 (Flyball, 8RM)
Bottom of the 8th over - 0 run(s), 0 hit(s), 0 error(s), 0 left on base; Louisiana 1 - Mt. Vernon 1
TOP OF THE 9TH
Louisiana Dragoons batting - Pitching for Mt. Vernon Bulls : RHP Arnout Els
Pitching: RHP Pedro Poey
Now at 3B: Alfredo Mojica
Now at SS: Xavier Vásquez
Now in LF: Raúl Trevino
Batting: SHB Manuel González 0-0: SINGLE (Line Drive, 3D)
Batting: SHB Juan Barbán 0-0: Ball
1-0: Swinging Strike
1-1: Ball
2-1: Grounds into double play, 4-6-3 (Groundball, 4)
Batting: RHB Sancho Rodríguez 0-0: Ball
1-0: Foul Ball, location: 2F
1-1: Ball
2-1: Called Strike
2-2: DOUBLE (Line Drive, 9LM)
Batting: LHB Willie Brown 0-0: Ball
1-0: Ball
2-0: Swinging Strike
2-1: Ball
3-1: Swinging Strike
3-2: Foul Ball, location: 2F
3-2: Strikes out swinging
Top of the 9th over - 0 run(s), 2 hit(s), 0 error(s), 1 left on base; Louisiana 1 - Mt. Vernon 1
BOTTOM OF THE 9TH
Mt. Vernon Bulls batting - Pitching for Louisiana Dragoons : RHP Javier Hernández
Pitching: RHP Tyler Rodríguez
Batting: LHB Yun Yen 0-0: SINGLE (Groundball, 4M)
Pinch Hitting: RHB León Cabrera 0-0: Called Strike
0-1: Ball
1-1: Ball
2-1: Called Strike
2-2: Fly out, F8 (Flyball, 8RM)
Batting: LHB Enrique Sánchez 0-0: Ball
1-0: Ball
2-0: Called Strike
2-1: Ball
3-1: Swinging Strike
3-2: Grounds into double play, 6-4-3 (Groundball, 6)
Bottom of the 9th over - 0 run(s), 1 hit(s), 0 error(s), 0 left on base; Louisiana 1 - Mt. Vernon 1
TOP OF THE 10TH
Louisiana Dragoons batting - Pitching for Mt. Vernon Bulls : RHP Pedro Poey
Now at 2B: Jim Unknown
Batting: LHB Gustavo Vázquez 0-0: Ball
1-0: Ball
2-0: Foul Ball, location: 2F
2-1: Foul Ball, location: 2F
2-2: Foul Ball, location: 2F
2-2: Ball
3-2: Ground out 4-3 (Groundball, 4)
Batting: RHB Marlon Cummins 0-0: Ball
1-0: Foul Ball, location: 2F
1-1: Foul Ball, location: 2F
1-2: Ball
2-2: Fly out, F8 (Flyball, 8RM)
Batting: LHB Dinis Marcha 0-0: Foul Ball, location: 2F
0-1: Ball
1-1: Foul Ball, location: 2F
1-2: Foul Ball, location: 2F
1-2: Ball
2-2: Fly out, F8 (Flyball, 8RM)
Top of the 10th over - 0 run(s), 0 hit(s), 0 error(s), 0 left on base; Louisiana 1 - Mt. Vernon 1
BOTTOM OF THE 10TH
Mt. Vernon Bulls batting - Pitching for Louisiana Dragoons : RHP Tyler Rodríguez
Batting: LHB Álex Ramírez 0-0: Swinging Strike
0-1: Foul Ball, location: 2F
0-2: Strikes out swinging
Batting: RHB Orlando Padilla 0-0: Ball
1-0: Foul Ball, location: 2F
1-1: Ground out 6-3 (Groundball, 6M)
Batting: LHB Miguel García 0-0: Ball
1-0: Ball
2-0: Called Strike
2-1: Foul Ball, location: 2F
2-2: Foul Ball, location: 2F
2-2: Strikes out looking
Bottom of the 10th over - 0 run(s), 0 hit(s), 0 error(s), 0 left on base; Louisiana 1 - Mt. Vernon 1
TOP OF THE 11TH
Louisiana Dragoons batting - Pitching for Mt. Vernon Bulls : RHP Pedro Poey
Batting: LHB Manny Hernández 0-0: Called Strike
0-1: Ball
1-1: SINGLE (Popup, 78S)
Batting: RHB Pedro Jiménez 0-0: Ball
Manny Hernández is caught stealing 2nd base
1-0: Ball
2-0: Called Strike
2-1: Swinging Strike
2-2: Strikes out swinging
Batting: SHB Manuel González 0-0: Ground out 6-3 (Groundball, 6)
Top of the 11th over - 0 run(s), 1 hit(s), 0 error(s), 0 left on base; Louisiana 1 - Mt. Vernon 1
BOTTOM OF THE 11TH
Mt. Vernon Bulls batting - Pitching for Louisiana Dragoons : RHP Tyler Rodríguez
Pitching: RHP Steve Rayla
Batting: SHB Xavier Vásquez 0-0: Ball
1-0: Called Strike
1-1: DOUBLE (Line Drive, 9LM)
Batting: RHB Alfredo Mojica 0-0: Called Strike
0-1: Ball
1-1: Called Strike
1-2: Foul Ball, location: 2F
1-2: Ball
2-2: Foul Ball, location: 2F
2-2: Ball
3-2: Foul Ball, location: 2F
3-2: Base on Balls
Batting: LHB Raúl Trevino 0-0: Foul Ball, location: 2F
0-1: Ball
1-1: Ball
2-1: Swinging Strike
2-2: Ball
3-2: Foul Ball, location: 2F
3-2: Fly out, F7 (Flyball, 78M)
Batting: LHB Yun Yen 0-0: Ball
1-0: Called Strike
1-1: Foul Ball, location: 2F
1-2: Ball
2-2: Foul Ball, location: 2F
2-2: Strikes out looking
Batting: RHB Jim Unknown 0-0: Swinging Strike
0-1: Ball
1-1: Ground out 1-3 (Groundball, 15)
Bottom of the 11th over - 0 run(s), 1 hit(s), 0 error(s), 2 left on base; Louisiana 1 - Mt. Vernon 1
TOP OF THE 12TH
Louisiana Dragoons batting - Pitching for Mt. Vernon Bulls : RHP Pedro Poey
Batting: SHB Juan Barbán 0-0: Called Strike
0-1: Swinging Strike
0-2: Strikes out swinging
Batting: RHB Sancho Rodríguez 0-0: Called Strike
0-1: Ball
1-1: Ball
2-1: Called Strike
2-2: Fly out, F8 (Flyball, 8RM)
Batting: LHB Willie Brown 0-0: Called Strike
0-1: Swinging Strike
0-2: Strikes out looking
Top of the 12th over - 0 run(s), 0 hit(s), 0 error(s), 0 left on base; Louisiana 1 - Mt. Vernon 1
BOTTOM OF THE 12TH
Mt. Vernon Bulls batting - Pitching for Louisiana Dragoons : RHP Steve Rayla
Batting: LHB Enrique Sánchez 0-0: Ball
1-0: Ball
2-0: Called Strike
2-1: Foul Ball, location: 2F
2-2: Foul Ball, location: 2F
2-2: Strikes out looking
Batting: LHB Álex Ramírez 0-0: Foul Ball, location: 2F
0-1: Swinging Strike
0-2: Ball
1-2: Foul Ball, location: 2F
1-2: Ball
2-2: Strikes out swinging
Batting: RHB Orlando Padilla 0-0: Swinging Strike
0-1: Ball
1-1: Ball
2-1: Called Strike
2-2: Strikes out swinging
Bottom of the 12th over - 0 run(s), 0 hit(s), 0 error(s), 0 left on base; Louisiana 1 - Mt. Vernon 1
TOP OF THE 13TH
Louisiana Dragoons batting - Pitching for Mt. Vernon Bulls : RHP Pedro Poey
Batting: LHB Gustavo Vázquez 0-0: Called Strike
0-1: Hit by Pitch
Batting: RHB Marlon Cummins 0-0: Sac Bunt - play at first, batter OUT! 1-4
Gustavo Vázquez to second
Batting: LHB Dinis Marcha 0-0: SINGLE (Line Drive, 4D)
Gustavo Vázquez to third
Runner from 3rd tries for Home, SAFE, no throw or cutoff
Batting: LHB Manny Hernández 0-0: Called Strike
0-1: Ball
1-1: Foul Ball, location: 2F
1-2: Strikes out looking
Batting: RHB Pedro Jiménez 0-0: Foul Ball, location: 2F
0-1: Ball
1-1: Ball
2-1: Swinging Strike
2-2: Foul Ball, location: 2F
2-2: Foul Ball, location: 2F
2-2: TRIPLE (Flyball, 8LM)
Dinis Marcha scores
Pitching: LHP Miguel Jiménez
Batting: SHB Manuel González 0-0: Ball
1-0: Ball
2-0: Ball
3-0: Called Strike
3-1: Ground out 6-3 (Groundball, 6)
Top of the 13th over - 2 run(s), 2 hit(s), 0 error(s), 1 left on base; Louisiana 3 - Mt. Vernon 1
BOTTOM OF THE 13TH
Mt. Vernon Bulls batting - Pitching for Louisiana Dragoons : RHP Steve Rayla
Batting: LHB Miguel García 0-0: Ball
1-0: Reached on error, E4 (Groundball, 4)
Batting: SHB Xavier Vásquez 0-0: Foul Ball, location: 2F
0-1: Swinging Strike
0-2: Ground out 4-3 (Groundball, 4)
Miguel García to third
Batting: RHB Alfredo Mojica 0-0: Ball
1-0: Ground out 4-3 (Groundball, 34)
Miguel García scores
Batting: LHB Raúl Trevino 0-0: Ground out 1-3 (Groundball, 25)
Bottom of the 13th over - 1 run(s), 0 hit(s), 1 error(s), 0 left on base; Louisiana 3 - Mt. Vernon 2
This league is powered by Out of the Park Baseball, the baseball management simulation game for PC, Mac and Linux
Friday, January 22nd, 2016 - OOTP Baseball 16.9 Build 39